AoeStats
← zenNation

Four Lakes

509581533Analyzed
1v1 RM · 6d ago on Sep 27, 2026· 55m 17s· 2 players
Game mode
Random Map
Map size
Tiny (2 player)
Population
200
Speed
Normal
Resources
Standard
Victory
Conquest
Starting age
Dark Age
Ending age
Imperial Age
RankedLock teamsTeams togetherTeam positionsShared explorationLock speedFull tech treeHidden civsTurbo modeCheats
Victory
Defeat
🇩🇪 Aztecs · Germany
736
+18
🇦🇺 Burgundians · Australia
769
-18
zenNation
2:36 Loom
5:24 Double-Bit Axe
9:05 Wheelbarrow
10:01 Fishing Lines
14:03 Feudal Age
12:41 Horse Collar
15:05 Town Watch
15:40 Man-at-Arms
15:46 Man-at-Arms
18:50 Hand Cart
21:20 Gold Mining
23:29 Scale Mail Armor
23:41 Arson
24:17 Gillnets
25:12 Gold Shaft Mining
24:34 Stone Mining
25:13 Forging
27:05 Castle Age
27:29 Long Swordsman
28:51 Chain Mail Armor
29:36 Crossbowman
30:32 Squires
32:02 Bow Saw
33:05 Stone Shaft Mining
35:12 Town Patrol
40:35 Imperial Age
38:56 Iron Casting
38:21 Guard Tower
38:52 Husbandry
40:00 Cavalier
41:15 Two-Handed Swordsman
46:09 Arrowslits
47:16 Scale Barding Armor
50:07 Blast Furnace
50:03 Elite Skirmisher
50:50 Padded Archer Armor
51:31 Hoardings
52:10 Plate Mail Armor
52:00 Paladin
52:04 Champion
54:03 Chain Barding Armor
55:05 Two-Man Saw
Chairswing
5:07 Loom
7:54 Loom
12:45 Feudal Age
13:14 Fishing Lines
13:17 Horse Collar
13:27 Double-Bit Axe
13:29 Man-at-Arms
16:22 Forging
16:12 Scale Mail Armor
16:21 Arson
18:53 Gold Mining
23:15 Castle Age
23:45 Fletching
24:37 Iron Casting
24:17 Chain Mail Armor
23:27 Long Swordsman
23:30 Eagle Warrior
24:24 Bow Saw
24:16 Heavy Plow
24:09 Gillnets
25:47 Gambesons
26:03 Squires
27:53 Gold Shaft Mining
29:49 Wheelbarrow
31:57 Hand Cart
33:00 Bodkin Arrow
32:55 Town Watch
34:51 Padded Archer Armor
35:17 Fervor
35:28 Sanctity
35:58 Leather Archer Armor
35:28 Pikeman
35:43 Crossbowman
35:51 Elite Skirmisher
44:23 Imperial Age
42:32 Ballistics
42:08 Murder Holes
41:55 Treadmill Crane
42:31 Atlatl
45:43 Conscription
46:41 Crop Rotation
45:49 Elite Jaguar Warrior
46:50 Garland Wars
46:46 Town Patrol
47:08 Block Printing
47:24 Illumination
47:39 Theocracy
49:42 Plate Mail Armor
50:13 Blast Furnace
49:13 Bracer
49:08 Stone Mining
52:43 Devotion
52:59 Redemption
Connection lost

Rejoining the realm…

Still unreachable

The connection could not be restored.

Session expired

The server has moved on; the page needs a fresh start.